Map: Cactus Valley LE (Void)

Players

Railgan - Winner!

  • Race: Zerg Zerg
  • League: Grandmaster
  • Spawn Location: 5:00

MirtyElniño

  • Race: Terran Terran
  • League: Master
  • Spawn Location: 11:00

VOD

Have the link to the VOD?

Description

Time

  • Played on: March 4, 2017, 7:32 p.m.
  • Length: 17:49
Show
View Real Time Build Order
Export as new Build Order

Railgan Zerg - Winner!

Build Orders: Pool First, Lurkers 

Get SALT Encoding   

  12  0:01  Drone  
  13  0:12  Overlord  
  13  0:18  Drone  
  14  0:30  Drone x2  
  14  0:34  Drone  
  17  0:45  Spawning Pool  
  16  0:50  Drone  
  16  0:56  Drone  
  18  1:12  Hatchery  
  18  1:13  Extractor  
  18  1:16  Drone  
  17  1:20  Drone  
  18  1:32  Queen  
  20  1:33  Zergling x2  
  21  1:43  Overlord  
  21  1:49  Drone  
  22  2:02  Drone  
  23  2:09  Queen  
  25  2:18  Drone, Metabolic Boost  
  26  2:23  Drone  
  26  2:30  Drone  
  26  2:31  Queen  
  26  2:32  Drone  
  26  2:36  Drone  
  31  2:42  Drone x2, Overlord  
  33  2:50  Drone x2  
  35  2:57  Drone  
  36  3:02  Evolution Chamber  
  36  3:03  Drone  
  36  3:07  Drone  
  38  3:12  Drone  
  38  3:20  Zergling x4  
  38  3:21  Zergling x2  
  38  3:22  Drone x2  
  38  3:25  Extractor  
  42  3:27  Extractor  
  42  3:29  Drone  
  42  3:32  Drone  
  42  3:34  Zerg Ground Armor Level 1  
  43  3:40  Drone  
  44  3:46  Overlord  
  44  3:49  Overlord  
  44  3:53  Lair  
  44  3:56  Extractor, Overlord  
  44  3:57  Drone  
  44  4:06  Drone  
  44  4:07  Drone x3  
  46  4:17  Queen  
  46  4:22  Drone  
  46  4:23  Drone x4  
  53  4:24  Drone x2  
  53  4:26  Spore Crawler  
  53  4:29  Zergling x4  
  56  4:37  Spore Crawler  
  55  4:41  Drone  
  55  4:42  Overlord  
  56  4:51  Drone x2  
  58  4:54  Hydralisk Den  
  58  4:58  Spire  
  57  5:03  Hydralisk Den  
  57  5:06  Zergling x2  
  61  5:07  Zergling x12  
  61  5:10  Queen x2  
  68  5:14  Zergling x4  
  70  5:30  Overlord  
  70  5:31  Zerg Ground Armor Level 2  
  70  5:32  Muscular Augments  
  70  5:37  Evolution Chamber  
  69  5:49  Hatchery  
  68  5:52  Overseer  
  68  5:53  Pneumatized Carapace  
  68  6:00  Hydralisk x3  
  68  6:02  Hydralisk  
  68  6:04  Zerg Missile Weapons Level 1  
  76  6:05  Hydralisk  
  76  6:10  Hydralisk x2  
  82  6:29  Overlord  
  82  6:33  Overlord  
  82  6:42  Overlord  
  82  6:44  Lurker Den  
  82  6:47  Overlord x2  
  82  6:49  Hydralisk x2  
  82  6:50  Hydralisk x2  
  82  6:51  Overlord  
  90  6:56  Hydralisk x2  
  90  6:58  Hydralisk  
  96  7:04  Drone x3  
  96  7:07  Drone  
  100  7:17  Drone x2  
  100  7:19  Hydralisk x2  
  100  7:21  Drone x2  
  108  7:27  Drone x3  
  108  7:28  Drone x2  
  113  7:35  Drone x3  
  116  7:37  Hydralisk, Extractor  
  116  7:40  Extractor  
  116  7:57  Drone x3  
  116  7:58  Drone  
  120  7:59  Drone  
  120  8:00  Drone x3  
  120  8:04  Overlord  
  124  8:10  Zerg Missile Weapons Level 2, Zergling x2  
  124  8:11  Zerg Melee Weapons Level 1  
  125  8:13  Lurker x5  
  125  8:16  Hatchery  
  125  8:17  Spore Crawler  
  128  8:20  Overlord  
  128  8:24  Overlord  
  128  8:33  Hydralisk x2  
  132  8:37  Hydralisk  
  132  8:39  Hydralisk, Infestation Pit  
  135  8:42  Hydralisk  
  135  8:45  Hydralisk x2  
  141  8:59  Hydralisk  
  141  9:00  Hydralisk x4  
  151  9:06  Hydralisk  
  153  9:12  Overlord  
  153  9:13  Overlord  
  153  9:15  Overlord  
  152  9:19  Overlord  
  152  9:20  Overlord  
  152  9:23  Overlord  
  151  9:30  Drone  
  151  9:31  Drone x7  
  159  9:33  Hive  
  159  9:35  Overseer  
  159  9:37  Hydralisk  
  158  9:46  Hydralisk  
  143  9:58  Hydralisk x3  
  143  9:59  Hydralisk x4  
  143  10:01  Zergling x2  
  143  10:03  Drone x5  
  143  10:06  Overlord  
  138  10:12  Zerg Melee Weapons Level 2  
  138  10:13  Drone  
  138  10:14  Drone x3  
  142  10:16  Extractor x2  
  142  10:17  Drone  
  141  10:21  Zergling x2  
  141  10:22  Zergling x8  
  141  10:26  Hydralisk  
  141  10:27  Hydralisk x2  
  137  10:36  Hydralisk x4  
  137  10:38  Zergling x2  
  142  10:48  Hydralisk x6  
  138  10:59  Hydralisk x5, Lurker  
  138  11:03  Hydralisk x2  
  151  11:05  Hydralisk  
  145  11:11  Hydralisk  
  145  11:15  Hydralisk  
  129  11:21  Hydralisk x4  
  135  11:29  Hydralisk x3  
  135  11:31  Zergling x2  
  135  11:32  Zergling x4, Queen x2  
  129  11:33  Zergling x2  
  130  11:40  Hydralisk  
  130  11:41  Hydralisk x3  
  130  11:42  Zergling x4  
  140  11:53  Zergling x2  
  117  11:56  Hydralisk  
  117  12:01  Zergling x2  
  108  12:02  Hydralisk x5  
  118  12:16  Zergling x2  
  118  12:17  Ultralisk Cavern, Zergling x8  
  122  12:25  Drone  
  122  12:26  Drone  
  122  12:27  Drone  
  125  12:32  Adrenal Glands  
  125  12:35  Zerg Melee Weapons Level 3  
  125  12:36  Zergling x2  
  126  12:39  Hatchery  
  122  12:44  Zergling x10  
  122  12:50  Zergling x2  
  122  12:51  Zergling x12  
  114  13:10  Drone x3  
  116  13:14  Chitinous Plating  
  116  13:15  Baneling Nest, Ultralisk x2  
  127  13:20  Drone  
  127  13:21  Drone  
  127  13:27  Hydralisk x3  
  129  13:30  Zergling x12  
  141  13:42  Zerg Missile Weapons Level 3  
  141  13:45  Zergling x4  
  133  13:59  Zergling x2  
  133  14:00  Ultralisk  
  133  14:01  Ultralisk, Zergling x8  
  133  14:02  Overlord, Zergling x8  
  150  14:04  Overlord  
  150  14:08  Overlord  
  150  14:09  Overlord  
  149  14:11  Overlord  
  149  14:17  Overlord  
  149  14:20  Lurker  
  149  14:22  Baneling x4  
  150  14:28  Hatchery  
  149  14:32  Ultralisk  
  149  14:33  Spine Crawler  
  149  14:37  Viper  
  152  14:40  Viper  
  144  14:56  Drone x11  
  154  15:10  Viper x2  
  154  15:13  Zergling x18  
  154  15:14  Zergling x8  
  173  15:16  Centrifical Hooks  
  173  15:33  Zergling x2  
  166  15:44  Ultralisk  
  166  15:45  Ultralisk  
  178  15:55  Extractor x2, Drone x3  
  178  15:56  Drone  
  178  15:57  Drone x2  
  182  16:05  Ultralisk x2  
  182  16:09  Baneling x9  
  182  16:10  Zergling x2  
  195  16:18  Zergling x8  
  174  16:33  Zergling x2  
  174  16:34  Zergling x8  
  174  16:37  Ultralisk, Zergling x4  
  174  16:38  Hydralisk  
  164  16:40  Zergling x14  
  171  16:50  Zergling x6  
  174  16:55  Hydralisk x5  
  174  16:59  Hydralisk  
  174  17:00  Hydralisk x3  
  184  17:08  Hydralisk  
  184  17:09  Hydralisk x2  
  184  17:11  Hydralisk  
  184  17:12  Hydralisk  
  184  17:14  Hydralisk  
  188  17:17  Hydralisk  
  190  17:23  Hydralisk  
Show
View Real Time Build Order
Export as new Build Order

MirtyElniño Terran 

Build Orders: Hellion Banshee, Mech 

Get SALT Encoding   

  12  0:01  SCV  
  13  0:13  SCV  
  14  0:18  Supply Depot  
  14  0:25  SCV  
  15  0:30  Refinery  
  15  0:39  SCV  
  16  0:46  Barracks  
  16  0:51  SCV  
  17  1:03  SCV  
  18  1:15  SCV  
  19  1:30  SCV  
  20  1:34  Reaper  
  21  1:42  Orbital Command  
  21  1:48  Command Center  
  21  2:00  Factory  
  21  2:06  Barracks Reactor  
  21  2:10  Supply Depot  
  21  2:12  SCV  
  22  2:17  Refinery  
  22  2:24  SCV  
  23  2:36  SCV  
  24  2:54  Hellion x2  
  24  2:55  SCV  
  24  2:56  Barracks Tech Lab  
  24  2:58  Starport  
  29  3:07  SCV  
  29  3:10  Orbital Command  
  30  3:15  Hellion  
  30  3:16  Hellion  
  30  3:19  SCV  
  35  3:32  SCV  
  36  3:37  Hellion x2, SCV  
  36  3:39  Cloaking Field  
  36  3:41  Banshee  
  41  3:47  Supply Depot  
  43  3:49  SCV  
  43  3:53  SCV  
  45  4:01  SCV  
  46  4:08  Hellion x2  
  50  4:10  Supply Depot  
  50  4:13  Armory, SCV x2  
  52  4:24  Supply Depot  
  52  4:25  SCV  
  52  4:30  SCV  
  54  4:32  Banshee, Hellion  
  54  4:36  Supply Depot  
  54  4:37  SCV  
  60  4:39  Hellion  
  62  4:46  SCV  
  62  4:51  SCV  
  64  4:53  Refinery  
  64  4:58  SCV  
  65  5:03  SCV  
  66  5:17  SCV  
  66  5:20  Thor  
  73  5:22  Viking x2  
  73  5:25  Engineering Bay  
  73  5:26  Supply Depot x2  
  73  5:28  SCV  
  78  5:29  Refinery  
  78  5:44  Command Center  
  78  5:48  SCV  
  79  5:50  Supply Depot  
  79  5:54  Supply Depot  
  79  5:56  Viking  
  81  6:00  Viking  
  83  6:09  SCV  
  83  6:10  Supply Depot  
  84  6:13  SCV  
  85  6:19  Thor  
  85  6:25  Factory  
  91  6:32  Factory  
  91  6:35  SCV  
  91  6:36  Viking  
  94  6:51  SCV  
  95  6:56  Orbital Command  
  95  6:59  Terran Vehicle Weapons Level 1  
  95  7:02  Siege Tank  
  98  7:08  Supply Depot  
  98  7:10  Factory Tech Lab  
  98  7:11  Viking x2  
  98  7:15  Factory Reactor  
  102  7:28  SCV x2  
  104  7:31  Siege Tank  
  104  7:33  Infernal Pre-Igniter  
  107  7:40  SCV x2  
  107  7:43  Siege Tank  
  112  7:44  Orbital Command  
  112  7:50  Viking  
  111  7:58  Hellion x2  
  112  7:59  SCV x2  
  112  8:01  Refinery  
  114  8:06  Refinery  
  114  8:09  SCV  
  114  8:11  SCV x2  
  117  8:16  Siege Tank  
  120  8:21  SCV  
  120  8:23  Siege Tank, SCV  
  120  8:25  Hellion x2, SCV  
  130  8:34  SCV  
  131  8:43  SCV  
  131  8:44  Viking  
  131  8:45  Armory  
  131  8:47  Viking  
  136  8:49  Factory  
  136  8:50  Factory, Hellion x2  
  136  8:52  SCV  
  141  8:59  Supply Depot  
  141  9:00  Supply Depot  
  141  9:01  Supply Depot  
  141  9:03  SCV  
  141  9:08  Siege Tank x2  
  148  9:18  Hellion x10  
  148  9:20  Hellion x2, Viking  
  148  9:21  Viking  
  152  9:25  Terran Vehicle Weapons Level 2  
  152  9:34  Factory Tech Lab  
  152  9:35  Factory Tech Lab  
  152  9:36  Terran Vehicle And Ship Armor Level 1, SCV  
  143  10:06  Thor x2  
  151  10:08  Siege Tank, Hellion x2  
  158  10:15  Command Center  
  158  10:19  Siege Tank  
  161  10:22  Viking x2  
  157  10:48  Thor  
  157  10:49  Hellion  
  152  11:09  Thor  
  152  11:10  Hellion  
  123  11:20  Thor  
  123  11:21  Hellion  
  131  11:30  Siege Tank  
  131  11:31  Hellion  
  131  11:32  Hellion  
  127  11:42  Hellion  
  126  11:52  Hellion x2  
  126  11:53  Hellion  
  106  12:02  Hellion  
  106  12:03  Hellion x2  
  109  12:10  Factory  
  109  12:13  Thor  
  109  12:14  Hellion, Thor  
  123  12:20  Viking  
  123  12:21  Viking  
  127  12:24  Siege Tank x2  
  127  12:25  Hellion  
  135  12:35  Hellion  
  137  12:43  Hellion x4  
  128  12:46  Hellion  
  123  12:55  Thor  
  123  12:56  Siege Tank  
  123  12:57  Siege Tank x2, Hellion  
  138  13:08  Hellion  
  138  13:11  Factory Reactor  
  132  13:13  Terran Vehicle Weapons Level 3, Factory  
  132  13:17  SCV  
  133  13:21  Hellion  
  133  13:24  SCV x2  
  133  13:26  Refinery  
  133  13:27  Refinery  
  137  13:28  Siege Tank  
  137  13:29  Siege Tank, Hellion x2  
  137  13:33  Planetary Fortress  
  147  13:39  Hellion  
  149  13:42  Hellion  
  151  13:50  Siege Tank  
  146  14:09  Siege Tank, Factory Reactor  
  149  14:10  SCV x2  
  149  14:11  SCV x2  
  149  14:12  Siege Tank  
  149  14:13  Siege Tank, Liberator, Hellion x3  
  149  14:14  Hellion  
  149  14:15  Liberator  
  149  14:16  Terran Vehicle And Ship Armor Level 2  
  167  14:22  SCV  
  167  14:23  Hellion, SCV x2  
  175  14:34  Hellion  
  175  14:35  Hellion x3  
  184  14:55  Siege Tank x2  
  184  14:56  Siege Tank  
  184  14:57  Hellion  
  184  14:58  Hellion x2  
  184  14:59  SCV  
  188  15:03  Supply Depot  
  188  15:04  Supply Depot x2  
  188  15:07  Liberator x2  
  188  15:25  Hellion  
  188  15:26  Hellion x2  
  200  15:33  Hellion  
  190  15:45  Thor  
  190  15:46  Thor  
  190  15:47  Hellion x2  
  200  15:56  Command Center  
  198  16:29  Thor  
  198  16:30  Hellion  
  144  16:33  Thor x2  
  144  16:34  Siege Tank, Hellion x2  
  144  16:36  Hellion  
  144  16:37  Hellion  
  144  16:38  Hellion  
  118  16:52  Hellion  
  120  16:55  Hellion, Sensor Tower  
  121  17:06  Siege Tank  
  122  17:08  Hellion  
  122  17:09  Hellion x3  
  122  17:13  Siege Tank  
  90  17:16  Siege Tank x2  
Tags
 
Add a new tag
Caveats
  • Supply blocks, unpowered buildings, or Contaminate may cause inaccurate times.
  • Supply counts are checked every 10 seconds.